 Dungeon Crawl Stone Soup version 0.23.2 (webtiles) character file.

Game seed: 3074678558117501857

91 Kairos the Digger (level 4, 0/24 HPs)
             Began as a Gargoyle Earth Elementalist on Apr 4, 2019.
             Was an Initiate of Vehumet.
             Slain by a wyvern zombie (2 damage)
             ... on level 3 of the Dungeon.
             The game lasted 00:07:52 (3272 turns).

Kairos the Digger (Gargoyle Earth Elementalist)     Turns: 3272, Time: 00:07:52

Health: 0/24       AC:  8    Str: 12    XL:     4   Next: 59%
Magic:  7/8        EV: 10    Int: 16    God:    Vehumet [......]
Gold:   130        SH:  0    Dex: 10    Spells: 7/8 levels left

rFire    . . .     SeeInvis .   t - staff of air
rCold    . . .     Gourm    .   (no shield)
rNeg     + . .     Faith    .   n - +0 ring mail
rPois    ∞         Spirit   .   (no helmet)
rElec    +         Reflect  .   (no cloak)
rCorr    .         Harm     .   (no gloves)
MR       .....                  (no boots)
Stlth    ++........             (no amulet)
HPRegen  0.08/turn              p - ring of stealth
MPRegen  0.11/turn              (no ring)

@: no status effects
A: negative energy resistance 1, electricity resistance, unbreathing,
petrification resistance, rot immunity, AC +3
a: Renounce Religion


You were on level 3 of the Dungeon.
You worshipped Vehumet.
Vehumet was noncommittal.
You were hungry.

You visited 1 branch of the dungeon, and saw 3 of its levels.

You collected 130 gold pieces.

Inventory:

Hand Weapons
 f - a +0 club
Missiles
 b - 20 stones (quivered)
 e - 17 sling bullets
Armour
 a - a +0 scale mail
 c - a +0 robe
 n - a +0 ring mail (worn)
 q - a +0 shield
Magical Staves
 t - an uncursed staff of air (weapon)
Jewellery
 p - a ring of stealth (left hand)
Scrolls
 g - a scroll of noise {unknown}
 i - 2 scrolls of teleportation {unknown}
 j - 3 scrolls of immolation {unknown}
 l - 2 scrolls of identify
 m - a scroll of enchant weapon {unknown}
Potions
 h - a potion of heal wounds
 k - 2 potions of agility {unknown}
 o - a potion of degeneration {unknown}
 r - a potion of flight {unknown}
 s - 2 potions of haste {unknown}
Comestibles
 d - 4 rations


   Skills:
 + Level 0.5 Fighting
 + Level 0.8 Maces & Flails
 + Level 0.7 Armour
 + Level 2.0 Dodging
 + Level 2.7 Stealth
 + Level 0.8 Unarmed Combat
 + Level 2.6 Spellcasting
   Level 0.7 Transmutations
 + Level 4.5 Earth Magic


You had 7 spell levels left.
You knew the following spells:

 Your Spells              Type           Power        Failure   Level  Hunger
a - Sandblast             Erth           ###...       7%          1    #......

Your spell library contained the following spells:

 Spells                   Type           Power        Failure   Level  Hunger
 Passwall                 Tmut/Erth      ##......     22%         2    ##.....
 Stone Arrow              Conj/Erth      #.....       47%         3    ###....
 Petrify                  Tmut/Erth      ##......     83%         4    #####..
 Lee's Rapid Deconstruct  Erth           ###.......   89%         5    ######.


Dungeon Overview and Level Annotations

Branches:
Dungeon (3/15)

Altars:
Cheibriados
Fedhas
Gozag
Nemelex Xobeh
Okawaru
Qazlal
Sif Muna
Vehumet

Annotations:
D:3 Grinder


Innate Abilities, Weirdness & Mutations

You are resistant to torment.
Your stone body is resilient. (AC +3)
You are immune to poison.
You resist negative energy. (rN+)
You are resistant to electric shocks. (rElec)
You can survive without breathing.
You are immune to petrification.
You are immune to rotting.


Message History

The wyvern zombie is moderately damaged.
The wyvern zombie bites you!
You barely miss the wyvern zombie.
The wyvern zombie is moderately damaged.
The wyvern zombie barely misses you. x2
Casting: Sandblast (safe; 7% risk of failure)
Confirm with . or Enter, or press ? or * to list all spells.
Aiming: Sandblast (safe; 7% risk of failure)
Press: ? - help, Shift-Dir - straight line, f - wyvern zombie
Aim: a wyvern zombie (moderately damaged)
The blast of sand hits the wyvern zombie!
The wyvern zombie is heavily damaged.
b - 20 stones The wyvern zombie bites you!
* * * LOW HITPOINT WARNING * * *
You hit the wyvern zombie but do no damage.
The wyvern zombie is heavily damaged.
The wyvern zombie bites you but does no damage.
The wyvern zombie bites you.
You die...

....# #.# #.#
....###.#####.#
....#.†.......#####
....#.#...........#
....#.##########.##
.####.# #.# .# #.#
#.# †# #.# #.# .#
#.# #@# .# #.# #Z#
># #.# #.# ## #.#
#.# #.# #.# #.#


You could see a wyvern zombie.

Vanquished Creatures
  Terence (D:2)
  An adder (D:3)
  An ooze (D:3)
  2 worms
  2 dart slugs
  A ball python (D:1)
  2 giant cockroaches
  4 hobgoblins
  2 jackals (D:1)
  3 bats
  11 frilled lizards
  7 goblins
  3 kobolds
  6 rats
46 creatures vanquished.

Notes
Turn   | Place    | Note
-------+----------+-------------------------------------------
     0 | D:1      | Kairos the Gargoyle Earth Elementalist began the quest for
                  | the Orb.
     0 | D:1      | Reached XP level 1. HP: 10/10 MP: 3/3
   390 | D:1      | Reached skill level 4 in Earth Magic
   390 | D:1      | Reached XP level 2. HP: 15/15 MP: 1/5
  1146 | D:2      | Reached XP level 3. HP: 16/19 MP: 6/6
  1877 | D:2      | Noticed Terence
  2034 | D:2      | Killed Terence
  2034 | D:2      | Reached XP level 4. HP: 14/24 MP: 0/7
  2447 | D:3      | Found a snail-covered altar of Cheibriados.
  2449 | D:3      | Found a deep blue altar of Sif Muna.
  2450 | D:3      | Found a sparkling altar of Nemelex Xobeh.
  2451 | D:3      | Found a blossoming altar of Fedhas.
  2451 | D:3      | Found a radiant altar of Vehumet.
  2452 | D:3      | Found an opulent altar of Gozag.
  2452 | D:3      | Found an iron altar of Okawaru.
  2495 | D:3      | Noticed Grinder
  2551 | D:3      | Found a faded altar of an unknown god.
  2617 | D:3      | Found a stormy altar of Qazlal.
  2967 | D:3      | Became a worshipper of Vehumet
  3272 | D:3      | Slain by a wyvern zombie

Skill      XL: |  1  2  3  4 |
---------------+-------------+-----
Earth Magic    | 4 |  4.5
Dodging        | 2 |  2.0
Fighting       | |  0.5
Maces & Flails | |  0.8
Armour         | |  0.7
Stealth        | |  2.7
Unarmed Combat | |  0.8
Spellcasting   | |  2.6
Transmutations | |  0.7

Action                   |  1- 3 |  4- 6 || total
-------------------------+-------+-------++-------
Melee: Unarmed           |    28 |       ||    28
       Club              |    58 |    90 ||   148
       Staff             |       |     8 ||     8
       Punch             |       |     3 ||     3
 Cast: Sandblast         |    38 |     5 ||    43
  Use: Scroll            |     1 |       ||     1
       Potion            |     1 |       ||     1
 Stab: Sleeping          |     4 |     1 ||     5
  Eat: Chunk             |     1 |     3 ||     4
       Ration            |     1 |       ||     1
Armor: Robe              |    29 |    28 ||    57
       Ring mail         |       |    34 ||    34
Dodge: Dodged            |    74 |    79 ||   153
